 Dungeon Crawl Stone Soup version 0.28-a0-1152-g9c71ebef14 (webtiles) character file.

Game seed: 6132166024875792327

53 Crownlay the Chiller (level 3, -4/26 HPs)
             Began as a Gnoll Ice Elementalist on Dec 14, 2021.
             Slain by an ogre (18 damage)
             ... on level 3 of the Dungeon.
             The game lasted 00:02:47 (2273 turns).

Crownlay the Chiller (Gnoll Ice Elementalist)       Turns: 2273, Time: 00:02:48

Health: -4/26      AC:  9    Str:  7    XL:     3   Next: 87%
Magic:  3/9        EV: 13    Int: 16    God:
Gold:   87         SH:  0    Dex: 12    Spells: 5/12 levels left

rFire   . . .      SeeInvis .   j - +0 triple sword
rCold   . . .      Faith    .   (shield currently unavailable)
rNeg    . . .      Spirit   .   a - +0 robe
rPois   .          Reflect  .   (no helmet)
rElec   .          Harm     .   (no cloak)
rCorr   .          Rampage  .   (no gloves)
Will    .....                   (no boots)
Stlth   ++........              (no amulet)
HPRegen 0.08/turn               (no ring)
MPRegen 0.11/turn               (no ring)

@: ice-armoured, freezing walls
A: fangs 1, strong nose, distributed training
a: no special abilities


You were on level 3 of the Dungeon.
You visited 1 branch of the dungeon, and saw 3 of its levels.

You collected 87 gold pieces.

Inventory:

Hand Weapons
 j - a +0 triple sword (weapon)
Armour
 a - a +0 robe (worn)
 b - a +0 buckler
Jewellery
 i - a +6 ring of intelligence
Scrolls
 d - 2 scrolls of blinking {unknown}
 e - a scroll of magic mapping {unknown}
 h - a scroll of teleportation {unknown}
Potions
 f - a potion of haste {unknown}
 g - a potion of invisibility {unknown}


   Skills:
 + Level 1.0 Fighting
 + Level 1.0 Short Blades
 + Level 1.0 Long Blades
 + Level 1.0 Axes
 + Level 1.0 Maces & Flails
 + Level 1.0 Polearms
 + Level 1.0 Staves
 + Level 1.0 Slings
 + Level 1.0 Bows
 + Level 1.0 Crossbows
 + Level 1.0 Throwing
 + Level 1.0 Armour
 + Level 4.6 Dodging
 + Level 4.2 Stealth
 + Level 1.0 Shields
 + Level 1.0 Unarmed Combat
 + Level 5.0 Spellcasting
 + Level 0.7 Conjurations
 + Level 0.7 Hexes
 + Level 0.7 Summonings
 + Level 0.7 Necromancy
 + Level 0.7 Translocations
 + Level 0.7 Transmutations
 + Level 0.7 Fire Magic
 + Level 7.1 Ice Magic
 + Level 0.7 Air Magic
 + Level 0.7 Earth Magic
 + Level 0.7 Poison Magic
 + Level 1.0 Invocations
 + Level 1.0 Evocations


You had 5 spell levels left.
You knew the following spells:

 Your Spells              Type           Power      Damage    Failure   Level
a - Freeze                Ice            100%       1d11      1%          1
b - Frozen Ramparts       Ice            52%        1d7       2%          3
c - Ozocubu's Armour      Ice            26%        N/A       2%          3

Your spell library contained the following spells:

 Spells                   Type           Power      Damage    Failure   Level
 Hailstorm                Conj/Ice       16%        3d6       30%         4


Dungeon Overview and Level Annotations

Branches:
Dungeon (3/15)

Altars:


Innate Abilities, Weirdness & Mutations

You have very sharp teeth.
Your uncanny sense of smell can sniff out nearby items.
Your experience applies equally to all skills.


Message History

Where to? (Enter - D:2 @ (x,y), ? - help)
There is a stone staircase leading down here.
You climb downwards.
Found 7 gold pieces.
There is a stone staircase leading up here.
There are monsters nearby!
Casting: Freeze (safe; 1% risk of failure)
Confirm with . or Enter, or press ? or * to list all spells.
Casting: Frozen Ramparts (dangerous; 2% risk of failure)
Press: ? - help, Dir - look around, f - activate A stone staircase leading up.
Okay, then.
The ogre shouts!
The endoplasm quivers.
Casting: Frozen Ramparts (dangerous; 2% risk of failure)
Confirm with . or Enter, or press ? or * to list all spells.
Casting: Frozen Ramparts (dangerous; 2% risk of failure)
Press: ? - help, Dir - look around, f - activate A stone staircase leading up.
The walls around you are covered in ice.
The adder hisses angrily.
The wall freezes the adder.
The adder seems to slow down.
Casting: Frozen Ramparts (dangerous; 2% risk of failure)
Confirm with . or Enter, or press ? or * to list all spells.
A film of ice covers your body!
The wall freezes the adder.
The wall freezes the endoplasm.
You kill the endoplasm!
You miss the adder.
The adder is heavily wounded.
The wall freezes the ogre.
The wall freezes the adder.
The adder bites you but does no damage.
The wall freezes the ogre.
The ogre hits you with a +0 giant spiked club!
You barely miss the adder.
The adder is severely wounded.
The wall freezes the adder!
You kill the adder!
The wall freezes the ogre!
The ogre hits you with a +0 giant spiked club!!
Ouch! That really hurt!
You die...

# .. ... ....
.#
.....######.#
.......$....###
.......@O.....#
...######...#.#
..... ∆ .#.# ∆
... .# #


You could see an ogre.

Vanquished Creatures
  2 adders
  4 endoplasms
  4 giant cockroaches (D:1)
  2 goblins
  2 hobgoblins (D:1)
  3 jackals (D:1)
  5 kobolds
  A quokka (D:1)
  4 ball pythons
  8 bats
  A frilled lizard (D:2)
  6 rats
42 creatures vanquished.

Notes
Turn   | Place    | Note
-------+----------+-------------------------------------------
     0 | D:1      | Crownlay the Gnoll Ice Elementalist began the quest for the
                  | Orb.
     0 | D:1      | Reached XP level 1. HP: 13/13 MP: 6/6
   187 | D:1      | Reached XP level 2. HP: 19/19 MP: 4/7
   601 | D:1      | Reached XP level 3. HP: 25/25 MP: 5/9
   753 | D:1      | Reached skill level 5 in Spellcasting
  1341 | D:2      | Reached skill level 1 in Invocations
  1770 | D:2      | Reached skill level 1 in Fighting
  1770 | D:2      | Reached skill level 1 in Short Blades
  1770 | D:2      | Reached skill level 1 in Long Blades
  1770 | D:2      | Reached skill level 1 in Axes
  1770 | D:2      | Reached skill level 1 in Maces & Flails
  1770 | D:2      | Reached skill level 1 in Polearms
  1770 | D:2      | Reached skill level 1 in Staves
  1770 | D:2      | Reached skill level 1 in Slings
  1770 | D:2      | Reached skill level 1 in Bows
  1770 | D:2      | Reached skill level 1 in Crossbows
  1770 | D:2      | Reached skill level 1 in Throwing
  1770 | D:2      | Reached skill level 1 in Armour
  1770 | D:2      | Reached skill level 1 in Shields
  1770 | D:2      | Reached skill level 1 in Unarmed Combat
  1770 | D:2      | Reached skill level 1 in Evocations
  2188 | D:2      | Learned a level 3 spell: Frozen Ramparts
  2192 | D:2      | Learned a level 3 spell: Ozocubu's Armour
  2268 | D:3      | Noticed an ogre
  2273 | D:3      | Slain by an ogre

Illustrated notes

Levels and vault maps discovered:
D:1:      minmay_arrival_up_and_down, layout_loops_ring, serial_aquarium,
          aquarium_bridge_straight [aquarium_subvault_bridge,
          aquarium_subvault_wall, aquarium_subvault_bridge,
          aquarium_subvault_balcony], aquarium_window_corridor_3,
          aquarium_window_2, aquarium_window_fake, aquarium_window_1,
          aquarium_view_2c, aquarium_view_2c, minmay_worlds_worst_comb
D:2:      layout_basic, minmay_cut_off
D:3:      layout_loops_ring, uniq_terence

Skill      XL: |  1  2  3 |
---------------+----------+-----
Spellcasting   | 5 |  5.0
Invocations    | 1 |  1.0
Fighting       | 1 |  1.0
Short Blades   | 1 |  1.0
Long Blades    | 1 |  1.0
Axes           | 1 |  1.0
Maces & Flails | 1 |  1.0
Polearms       | 1 |  1.0
Staves         | 1 |  1.0
Slings         | 1 |  1.0
Bows           | 1 |  1.0
Crossbows      | 1 |  1.0
Throwing       | 1 |  1.0
Armour         | 1 |  1.0
Shields        | 1 |  1.0
Unarmed Combat | 1 |  1.0
Evocations     | 1 |  1.0
Dodging        | |  4.6
Stealth        | |  4.2
Conjurations   | |  0.7
Hexes          | |  0.7
Summonings     | |  0.7
Necromancy     | |  0.7
Translocations | |  0.7
Transmutations | |  0.7
Fire Magic     | |  0.7
Ice Magic      | |  7.1
Air Magic      | |  0.7
Earth Magic    | |  0.7
Poison Magic   | |  0.7

Action                   || total
-------------------------++-------
Melee: Dagger            ||    14
       Triple sword      ||     2
 Cast: Freeze            ||    43
       Ozocubu's Armour  ||     1
       Frozen Ramparts   ||     1
 Stab: Sleeping          ||     5
Armor: Robe              ||    10
Dodge: Dodged            ||    37

Table legend: (Time is in decaauts)
 A = Elapsed time spent in this place.
 B = Non-inter-level travel time spent in this place.
 C = Inter-level travel time spent in this place.
 D = Time resting spent in this place.
 E = Time spent auto-exploring this place.
 F = Levels seen in this place.
 G = Mean time per level.
                   A        B        C        D        E       F      G
               +--------+--------+--------+--------+--------+-----+--------+
         Total |   2272 |   2163 |    109 |      0 |   1913 |   3 |  757.3 |
       Dungeon |   2272 |   2163 |    109 |      0 |   1913 |   3 |  757.3 |
               +--------+--------+--------+--------+--------+-----+--------+

Top non-repeatable levels by time:
     D:2: 1217 daAuts
     D:1: 1049 daAuts
     D:3: 5 daAuts
